 Dungeon Crawl Stone Soup version 0.14-a0-1313-gb2df4ef (webtiles) character file.

284 Chiseanne the Sneak (level 5, -3/37 HPs)
             Began as a Halfling Wanderer on Dec 5, 2013.
             Slain by a worker ant (6 damage)
             ... on Level 4 of the Dungeon.
             The game lasted 00:11:58 (3971 turns).

Chiseanne the Sneak (Halfling Wanderer)             Turns: 3971, Time: 00:11:58

HP  -3/37        AC  3     Str  8      XL: 5   Next: 81%
MP   8/8         EV 16     Int 11      God:
Gold 113         SH 16     Dex 24      Spells:  1 memorised,  5 levels left

rFire  . . .     SeeInvis .     a - +0 hand axe
rCold  . . .     Clarity  .     u - +0 leather armour
rNeg   . . .     Conserve .     x - +0 shield
rPois  +         rCorr    .     (no helmet)
rElec  .         rRot     .     (no cloak)
SustAb . .       Spirit   .     (no gloves)
rMut   .         Warding  .     (no boots)
Saprov . . .     Stasis   .     (no amulet)
                                (no ring)
                                e - ring of poison resistance

@: agile, slightly resistant to hostile enchantments, very stealthy
A: mutation resistance 1, slow metabolism 1
a: no special abilities


You were on level 4 of the Dungeon.
You were hungry.

You visited 1 branch of the dungeon, and saw 4 of its levels.

You collected 113 gold pieces.

Inventory:

Hand weapons
 a - a +0,+0 hand axe (weapon)
 b - a +0,+1 orcish morningstar
 w - a +0 elven blowgun
Missiles
 s - 15 darts (quivered)
 A - 58 poisoned needles
Armour
 u - a +0 leather armour (worn)
 x - a +0 shield (worn)
Comestibles
 d - 5 bread rations
 o - 3 pears
 v - a choko
 z - an apple
Scrolls
 h - 4 scrolls of remove curse
 k - a scroll of teleportation
 l - a scroll of fear {unknown}
 p - a scroll of curse armour {unknown}
 q - a scroll of identify {unknown}
 t - 2 scrolls of amnesia {unknown}
Jewellery
 e - a ring of poison resistance (left hand)
 f - an uncursed ring of ice
 y - an uncursed ring of fire


   Skills:
 * Level 3.6 Fighting
   Level 1.3 Short Blades
 * Level 2.9 Dodging
 * Level 5.0 Stealth
 - Level 1.0 Spellcasting
   Level 2.1 Translocations
 * Level 2.1 Evocations


You had 5 spell levels left.
You knew the following spells:

 Your Spells              Type           Power        Failure   Level  Hunger
a - Sandblast             Erth           #.....       100%        1    ##.....


Dungeon Overview and Level Annotations

Branches:
Dungeon (4/16)
 Temple: D:4-7

Altars:


Innate Abilities, Weirdness & Mutations

You are small and have problems with some larger weapons.
You are somewhat resistant to further mutation.
You have a slow metabolism.


Message History

The giant gecko barely misses you. The worker ant bites you.
* * * LOW HITPOINT WARNING * * *
You block the giant gecko's attack.
Drink which item? (? for menu, Esc to quit)
You feel refreshed.
It was a potion of restore abilities.
The worker ant bites you but does no damage.
The giant gecko closely misses you.
Drink which item? (? for menu, Esc to quit)
You feel agile all of a sudden.
It was a potion of agility.
The worker ant misses you. The giant gecko closely misses you.
You block the worker ant's attack.
Wield which item (- for none, * to show all)? (? for menu, Esc to quit)
a - a +0,+0 hand axe (weapon)
The giant gecko closely misses you.
You hit the giant gecko but do no damage.
The giant gecko is severely wounded.
You closely miss the worker ant.
The worker ant is heavily wounded.
The worker ant bites you.
You die...

#########
#.........
#@l......(
#(a.......
#........
#(.......
#........
#...(.<.
#####.# .


You could see a worker ant and a giant gecko.

Vanquished Creatures
  A worker ant (D:3)
  8 adders
  3 worms
  A giant gecko (D:3)
  An ooze (D:2)
  4 orcs (D:3)
  3 ball pythons (D:2)
  8 bats
  4 giant cockroaches
  3 goblins
  4 hobgoblins
  2 quokkas (D:2)
  5 giant newts
  7 kobolds
  6 rats
60 creatures vanquished.

Notes
Turn   | Place    | Note
--------------------------------------------------------------
     0 | D:1      | Chiseanne, the Halfling Wanderer, began the quest for the Orb.
     0 | D:1      | Reached XP level 1. HP: 15/15 MP: 3/3
   346 | D:1      | Reached skill level 3 in Fighting
   346 | D:1      | Reached XP level 2. HP: 19/21 MP: 4/4
   875 | D:2      | Reached XP level 3. HP: 22/26 MP: 5/5
  1004 | D:2      | Reached skill level 1 in Dodging
  1347 | D:2      | Reached XP level 4. HP: 25/31 MP: 6/6
  1461 | D:2      | Reached skill level 4 in Stealth
  2065 | D:2      | Reached XP level 5. HP: 26/36 MP: 8/8
  2368 | D:3      | Reached skill level 5 in Stealth
  3028 | D:3      | Paralysed by a potion of paralysis for 3 turns
  3410 | D:3      | HP: 1/36 [worm (10)]
  3971 | D:4      | Slain by a worker ant

Action                   |  1- 3 |  4- 6 || total
-------------------------+-------+-------++-------
Melee: Hand axe          |    58 |   179 ||   237
       Dagger            |     8 |       ||     8
 Fire: Blowgun           |       |    25 ||    25
Evoke: Wand              |    12 |     3 ||    15
  Use: Scroll            |     1 |     4 ||     5
       Potion            |       |     6 ||     6
 Stab: Sleeping          |     5 |     6 ||    11
       Invisible         |       |     4 ||     4
